Cogmind - Beta 15 @@@ ROGUE MODE // 2025.05.09 @ 14:56:32 Player: NuclearMayhem Result: Destroyed by G-50 Soldier with Heavy Laser Performance ------------- Evolutions (4) 2000 Regions Visited (11) 2200 Robots Destroyed (80) 400 Value Destroyed (2880) 2880 Prototype IDs (27) 540 Alien Tech Used (0) 0 Bonus (1289) 1289 TOTAL SCORE: 9309 Bonus ------- Follower Combat Kills 89 Entered Garrisons 400 Used RIF Installer 500 Aligned with FarCom 300 Cogmind --------- Core Integrity 0/850 Matter 6/300 Energy 100/100 System Corruption 4% Temperature Cool (9) Movement Core (400) Ox7 Location -6/Garrison Parts ------- > --- POWER (1) -------- (None) > --- PROPULSION (6) --- (None) > --- UTILITY (6) ------ Large Storage Unit Relay Coupler [Specialist] (25) > --- WEAPON (2) ------- Autogun > --- INVENTORY (15) --- Cooled Ion Engine Light Nuclear Core Advanced Heat Sink Relay Coupler [NC] (22) Relay Coupler [Sentry] (22) Relay Coupler [Hunter] (18) Relay Coupler [Hunter] (14) Relay Coupler [Heavy] (15) Particle Gun Flak Gun Flak Gun Remote Datajack Peak State ------------ > --- POWER ------------ Light Fission Core > --- PROPULSION ------- Aluminum Leg Improved Aluminum Leg Compact Wheel Combat Airjet > --- UTILITY ---------- Large Storage Unit Focal Shield Relay Coupler [Specialist] Relay Coupler [Hunter] Trap Reconfigurator > --- WEAPON ----------- Remote Datajack Spear > --- INVENTORY -------- Cooled Ion Engine Light Nuclear Core Advanced Heat Sink Relay Coupler [NC] Relay Coupler [Sentry] Relay Coupler [Hunter] Relay Coupler [Hunter] Relay Coupler [Heavy] Particle Gun Flak Gun Flak Gun Missile Launcher Heavy Missile Launcher Remote Datajack [Rating: 52] Favorites ----------- Power Cooled Ion Engine Engine Cooled Ion Engine Power Core Enhanced Nuclear Core Propulsion Aluminum Leg Treads Light Treads Leg Aluminum Leg Wheel Compact Wheel Hover Unit Combat Airjet Utility Large Storage Unit Device Focal Shield Storage Large Storage Unit Hackware Relay Coupler [Specialist] Protection Hardened Light Armor Plating Weapon EM Shotgun Energy Gun EM Shotgun Energy Cannon EM Pulse Cannon Ballistic Gun Flak Gun Ballistic Cannon Heavy Flak Cannon Launcher Missile Launcher Special Weapon Remote Datajack Impact Weapon Heavy Flail Piercing Weapon Spear Build | -11 -10 -10 -9 -9 -9 -8 -8 -7 -7 -6 -6 ------- Run | Yrd Mat Min Mat Min Exi Min Mat Fac Gar Fac Gar Slots Evolved 8 | . . . 2 . . . 2 2 . 2 . Power . | . . . . . . . . . . . . Propulsion 4 | . . . 2 . . . 1 . . 1 . Utility 4 | . . . . . . . 1 2 . 1 . Weapon . | . . . . . . . . . . . . Parts Attached 90 | 9 8 4 4 . 1 2 6 25 17 6 8 Power 7 | 1 2 . . . . . . 1 2 1 . Engine 3 | 1 2 . . . . . . . . . . Core 4 | . . . . . . . . 1 2 1 . Reactor . | . . . . . . . . . . . . Propulsion 33 | 5 3 1 2 . 1 2 2 9 6 . 2 Treads 2 | 1 1 . . . . . . . . . . Leg 27 | 2 2 1 2 . 1 2 2 9 6 . . Wheel 3 | 2 . . . . . . . . . . 1 Hover 1 | . . . . . . . . . . . 1 Flight . | . . . . . . . . . . . . Utility 25 | 1 1 2 2 . . . 2 9 5 1 2 Device 6 | . 1 1 . . . . . 2 1 1 . Storage 3 | 1 . . 1 . . . . 1 . . . Processor . | . . . . . . . . . . . . Hackware 2 | . . . . . . . . . . . 2 Protection 14 | . . 1 1 . . . 2 6 4 . . Artifact . | . . . . . . . . . . . . Weapon 25 | 2 2 1 . . . . 2 6 4 4 4 Energy Gun 6 | . 2 1 . . . . 1 1 1 . . Energy Cannon 1 | . . . . . . . 1 . . . . Ballistic Gun 11 | 2 . . . . . . . 5 2 1 1 Ballistic Cannon 1 | . . . . . . . . . . 1 . Launcher 2 | . . . . . . . . . . . 2 Special Weapon 2 | . . . . . . . . . . 1 1 Impact Weapon 1 | . . . . . . . . . 1 . . Slashing Weapon . | . . . . . . . . . . . . Piercing Weapon 1 | . . . . . . . . . . 1 . Special Melee Weapon . | . . . . . . . . . . . . Unidentified Prototypes 4 | . 1 1 . . . . . 2 . . . Corrupted Parts 1 | . . . . . . 1 . . . . . System Corruption 7 | . . . . . . 7 . . . . . Parts Lost 42 | . . . . . . 1 . 11 17 . 13 Power 3 | . . . . . . . . . 2 . 1 Propulsion 18 | . . . . . . 1 . 4 8 . 5 Utility 14 | . . . . . . . . 6 5 . 3 Weapon 7 | . . . . . . . . 1 2 . 4 Highest Loss Streak 11 | . . . . . . 1 . 5 10 . 11 To Critical Strikes . | . . . . . . . . . . . . Average Backups 12 | 3 7 7 8 14 14 14 14 14 8 13 12 Power 1 | . . 1 1 2 1 1 1 1 1 1 2 Propulsion 1 | 2 3 2 1 2 1 . 1 3 1 . . Utility 5 | . . 3 5 8 8 10 7 4 2 6 5 Weapon 3 | . 2 1 1 2 3 3 4 4 1 4 3 Tool/Special . | . . . . . . . . . . . . Unused Backups 22 | . 8 . . . 1 . 2 4 . . 7 Power 3 | . 1 . . . 1 . . . . . 1 Propulsion 7 | . 6 . . . . . . 1 . . . Utility 8 | . . . . . . . 2 . . . 6 Weapon 4 | . 1 . . . . . . 3 . . . Tool/Special . | . . . . . . . . . . . . Average Slot Usage (%) 82 | . 91 100 99 100 100 99 99 97 61 52 33 Engine 6 | . 14 14 11 11 11 11 9 3 . . . Core 2 | . . . . . . . . 3 4 6 1 Leg 30 | . 26 28 43 44 44 43 45 37 24 20 4 Device 1 | . 7 . . . . . . 2 2 5 1 Storage 8 | . 14 14 11 11 11 11 9 7 7 6 6 Hackware 1 | . . . . . . . . . . . 6 Protection 12 | . . 13 11 11 11 11 17 25 6 . . Energy Gun 9 | . 15 28 22 22 22 22 9 1 . 1 . Ballistic Gun 5 | . 11 . . . . . . 12 11 2 2 Peak Build Rating 52 | 6 12 20 16 16 17 17 24 39 50 30 52 Average Rating 22 | 3 9 12 14 16 16 16 23 34 26 27 20 On Entrance 16 | . 6 12 12 16 16 17 16 24 33 18 28 Naked Turns . | . . . . . . . . . . . . Heaviest Build 68 | 11 20 22 39 39 39 39 50 59 68 38 34 Greatest Support 79 | 26 40 20 40 40 40 40 55 79 77 33 33 Greatest Overweight (x) 9 | . 1 1 . . . 1 . 1 1 1 9 Average Overweight (x) . | . . . . . . . . . . . 3 Largest Inventory Capacity 15 | 8 8 8 15 15 15 15 15 15 15 15 15 Average Capacity 13 | 7 8 8 14 15 15 15 15 15 15 15 15 Most Carried 15 | 7 8 8 14 15 15 15 15 15 11 15 15 Average Carried 12 | 3 7 7 9 14 14 14 14 14 8 13 13 Final Capacity 15 | 8 8 8 15 15 15 15 15 15 15 15 15 Final Carried 15 | 6 8 8 14 15 15 15 15 11 11 14 12 Class Distribution -------------------- 62% | Mutant 26% | Scavenger-Mutant 11% | Bothacker-Mutant Dominant Class ---------------- Mutant | -10/Materials Mutant | -10/Mines Scavenger-Mutant | -9/Materials Scavenger-Mutant | -9/Mines Scavenger-Mutant | -9/Exiles Scavenger-Mutant | -8/Mines Mutant | -8/Materials Mutant | -7/Factory Mutant | -7/Garrison Bothacker-Mutant | -6/Factory Mutant | -6/Garrison Resources | -11 -10 -10 -9 -9 -9 -8 -8 -7 -7 -6 -6 ----------- Run | Yrd Mat Min Mat Min Exi Min Mat Fac Gar Fac Gar Matter Collected 2151 | 220 282 87 73 . . 30 . 928 418 . 113 Remotely . | . . . . . . . . . . . . Salvage Created 2211 | . 530 27 36 . . 384 . 696 418 . 120 Parts 135 | . 37 3 2 . . 37 . 36 16 . 4 Haulers Intercepted 2 | . . . . . . . . 2 . . . Recyclers Shooed 1 | . . . . . . . . 1 . . . Parts Field Recycled . | . . . . . . . . . . . . Retrieved Matter . | . . . . . . . . . . . . Parts Self-Destructed . | . . . . . . . . . . . . Prevented . | . . . . . . . . . . . . Kills | -11 -10 -10 -9 -9 -9 -8 -8 -7 -7 -6 -6 ------- Run | Yrd Mat Min Mat Min Exi Min Mat Fac Gar Fac Gar Combat Hostiles Destroyed 74 | . 18 2 1 . . 16 . 17 14 . 6 Melee 3 | . . . . . . . . . 1 . 2 Guns 63 | . 17 . 1 . . 14 . 17 13 . 1 AOE 8 | . 1 2 . . . 2 . . . . 3 Classes Destroyed 10 | . 3 . . . . 1 . 5 . . 1 Tunneler 2 | . . . . . . 2 . . . . . Hauler 2 | . . . . . . . . 2 . . . Operator 1 | . . . . . . . . 1 . . . Watcher 1 | . 1 . . . . . . . . . . Swarmer 35 | . 9 2 . . . 14 . 3 4 . 3 Grunt 24 | . 9 . 1 . . 2 . 4 8 . . Duelist 1 | . . . . . . . . 1 . . . Sentry 9 | . . . . . . . . 6 2 . 1 Demolisher 1 | . . . . . . . . . . . 1 Programmer 4 | . . . . . . . . 3 . . 1 Best Kill Streak 9 | . 9 2 1 . . 3 . 3 4 . 5 Combat Bots Only 8 | . 8 2 1 . . 3 . 3 4 . 5 Max Kills in Single Turn 3 | . 1 2 1 . . 3 . 1 1 . 2 Gunslinging 1 | . . . . . . 1 . . . . . Exploded 2 | . 1 2 . . . 2 . . . . 2 Melee 1 | . . . . . . . . . 1 . 1 Uniques/NPCs Destroyed . | . . . . . . . . . . . . Combat | -11 -10 -10 -9 -9 -9 -8 -8 -7 -7 -6 -6 -------- Run | Yrd Mat Min Mat Min Exi Min Mat Fac Gar Fac Gar Hostile Shots Fired 1093 | . 52 3 7 . . 53 6 372 407 . 193 Missed 298 | . 13 1 2 . . 16 4 115 94 . 53 Hits 795 | . 39 2 5 . . 37 2 257 313 . 140 Melee 3 | . . . . . . . . 3 . . . Projectile 792 | . 39 2 5 . . 37 2 254 313 . 140 AOE 3 | . . . . . . . . . . . 3 Critical Strikes 7 | . . . . . . 1 . 3 2 . 1 Damage Taken 8301 | . 358 16 67 . . 409 55 2719 2833 . 1844 Core 1545 | . 75 . . . . 58 . 277 285 . 850 Absorbed by Shields . | . . . . . . . . . . . . Ignored by Resistances 89 | . . . . . . . . . . . 89 Core Remaining (%) 74 | 100 . 70 . . . 85 100 . 19 . . Volleys Fired 196 | . 35 2 2 . . 30 2 77 39 . 9 Largest 2 | . 2 2 2 . . 2 2 2 2 . 2 Hottest 108 | . 90 90 90 . . 90 108 108 65 . 88 Shots Fired 376 | . 69 4 4 . . 60 4 151 72 . 12 Gun 369 | . 69 4 4 . . 60 2 148 72 . 10 Cannon 5 | . . . . . . . 2 3 . . . Launcher 2 | . . . . . . . . . . . 2 Special . | . . . . . . . . . . . . Kinetic 269 | . 48 . . . . . . 145 70 . 6 Thermal 6 | . . . . . . . . . 2 . 4 Explosive 2 | . . . . . . . . . . . 2 Electromagnetic 99 | . 21 4 4 . . 60 4 6 . . . Robot Hit Streak 17 | . 12 3 8 . . 9 2 13 17 . 9 Robot Miss Streak 13 | . 3 2 . . . 4 2 13 6 . 3 Penetration Max . | . . . . . . . . . . . . Secondary Targets 12 | . 3 . 1 . . 2 . 2 4 . . Max Gunslinging Chain 1 | . 1 . 1 . . 1 . 1 1 . . Shots Hit Robots 308 | . 44 3 4 . . 46 2 128 67 . 14 Core Hits 273 | . 28 2 3 . . 29 . 115 81 . 15 Critical Kills . | . . . . . . . . . . . . Critical Parts Destroyed . | . . . . . . . . . . . . Critical Strikes . | . . . . . . . . . . . . Melee Attacks 20 | . . . . . . . . . 10 . 10 Impact 10 | . . . . . . . . . 10 . . Slashing . | . . . . . . . . . . . . Piercing 10 | . . . . . . . . . . . 10 Sneak Attacks . | . . . . . . . . . . . . Combat Hostiles . | . . . . . . . . . . . . Follow-up Attacks . | . . . . . . . . . . . . Damage Inflicted 5474 | . 593 93 82 . . 550 69 2215 1330 . 542 Guns 4541 | . 550 41 82 . . 474 35 2165 1107 . 87 Cannons 50 | . . . . . . . . 50 . . . Explosions 425 | . 43 52 . . . 76 34 . . . 220 Melee 450 | . . . . . . . . . 215 . 235 Ramming 8 | . . . . . . . . . 8 . . Kinetic 3685 | . 364 . . . . . . 2127 1107 . 87 Thermal 205 | . 43 52 . . . 76 34 . . . . Explosive 220 | . . . . . . . . . . . 220 Electromagnetic 906 | . 186 41 82 . . 474 35 88 . . . Impact 215 | . . . . . . . . . 215 . . Slashing . | . . . . . . . . . . . . Piercing 235 | . . . . . . . . . . . 235 Highest Corruption 8 | . 2 2 . . . 7 . 8 8 . 4 Average Corruption 5 | . 2 2 . . . 7 . 6 8 . 3 Corruption Purged . | . . . . . . . . . . . . Corruption Blocked . | . . . . . . . . . . . . Effects 108 | . 4 10 . . . . . 52 22 . 20 Message Errors 28 | . 2 1 . . . . . 10 9 . 6 Matter Fused 18 | . 1 5 . . . . . 4 4 . 4 Heat Flow Errors 10 | . . 2 . . . . . 7 1 . . Energy Discharges 11 | . . . . . . . . 7 1 . 3 Parts Rejected 5 | . 1 . . . . . . 2 2 . . Parts Fused 1 | . . . . . . . . 1 . . . Data Loss (minor) 15 | . . 2 . . . . . 8 1 . 4 Data Loss (major) 7 | . . . . . . . . 3 2 . 2 Misfires 3 | . . . . . . . . 2 1 . . Alerts 4 | . . . . . . . . 3 . . 1 Weapon Failures 6 | . . . . . . . . 5 1 . . Overload Shots . | . . . . . . . . . . . . Overflow Damage 98 | . . . . . . . 4 41 . . 53 Projectiles . | . . . . . . . . . . . . Explosions 98 | . . . . . . . 4 41 . . 53 Melee . | . . . . . . . . . . . . Knockbacks . | . . . . . . . . . . . . Impact . | . . . . . . . . . . . . Kinetic . | . . . . . . . . . . . . Secondary . | . . . . . . . . . . . . Self-Inflicted Damage 305 | . . . . . . 15 27 140 . . 123 Shots 6 | . . . . . . 1 1 2 . . 2 Rammed 7 | . . . . . . . . . 6 . 1 Targets Rammed 9 | . . . . . . . . . 8 . 1 Kicked 2 | . . . . . . . . . 2 . . Crushed . | . . . . . . . . . . . . Highest Temperature 375 | . 12 222 90 . . 375 107 296 286 . 14 Average Temperature 91 | . 6 89 47 . . 93 58 86 141 . 8 Received Heat Transfer 2178 | . 96 . 39 . . 108 9 678 1011 . 237 Effects 4 | . . . . . . 1 . . 3 . . Shutdowns 1 | . . . . . . 1 . . . . . Energy Bleed 1 | . . . . . . . . . 1 . . Interference 2 | . . . . . . . . . 2 . . Siege Activations . | . . . . . . . . . . . . Martial Activations . | . . . . . . . . . . . . Shielding Activations . | . . . . . . . . . . . . Robots Disrupted . | . . . . . . . . . . . . Combat Hostiles . | . . . . . . . . . . . . Robots Corrupted . | . . . . . . . . . . . . Combat Hostiles . | . . . . . . . . . . . . Parts Fried 3 | . . . . . . 1 . 2 . . . Impact Corruptions . | . . . . . . . . . . . . Robots Melted . | . . . . . . . . . . . . Combat Hostiles . | . . . . . . . . . . . . Parts Melted . | . . . . . . . . . . . . Heat Transferred 200 | . 50 100 . . . . 50 . . . . Parts Sabotaged . | . . . . . . . . . . . . Parts Stolen . | . . . . . . . . . . . . Parts Stripped . | . . . . . . . . . . . . Power Chain Reactions 4 | . 1 1 . . . 1 1 . . . . Alert | -11 -10 -10 -9 -9 -9 -8 -8 -7 -7 -6 -6 ------- Run | Yrd Mat Min Mat Min Exi Min Mat Fac Gar Fac Gar Maximum Alert Level 1 | . 1 . . . . . . . 1 . . Low Security (%) 93 | 100 35 100 100 100 . 100 100 100 74 100 100 Level 1 6 | . 64 . . . . . . . 25 . . Level 2 . | . . . . . . . . . . . . Level 3 . | . . . . . . . . . . . . Level 4 . | . . . . . . . . . . . . Level 5 . | . . . . . . . . . . . . High Security . | . . . . . . . . . . . . Max Security . | . . . . . . . . . . . . Peak Influence 343 | . 343 194 88 10 . 142 26 161 321 168 126 Initial 168 | . . 124 21 10 . . 26 . 120 168 . Average 68 | . 207 86 40 1 . 57 2 26 158 66 81 Influence Increases 2413 | . 533 214 101 . . 392 8 558 371 . 236 Destroy 0b10 Robot/C 1580 | . 360 100 60 . . 320 . 340 280 . 120 Destroy 0b10 Robot/NC 35 | . 5 5 . . . 10 . 15 . . . Destroy Leader 306 | . 72 20 20 . . 60 . 114 10 . 10 Allied During Kill 24 | . . 14 10 . . . . . . . . Trap Triggered on 0b10 20 | . . . . . . . . . . . 20 Successful Hack 43 | . 18 . 11 . . . . 14 . . . Disable Machine 120 | . 15 75 . . . . . 30 . . . Anti-Garrison Action 100 | . . . . . . . . . 50 . 50 Destroy Structure 65 | . 3 . . . . 2 8 30 1 . 21 Lose Combat Pursuer 120 | . 60 . . . . . . 15 30 . 15 Influence Decreases 2297 | . 212 479 129 28 . 324 76 386 222 321 120 Entered New Map 497 | . . 197 35 18 . . 42 . 52 153 . Time Decay 1410 | . 212 282 94 10 . 314 34 296 . 168 . Lost Part 390 | . . . . . . 10 . 90 170 . 120 Squads Dispatched 17 | . 4 . . . . . 1 12 . . . Investigation 3 | . 2 . . . . . . 1 . . . Extermination 4 | . . . . . . . . 4 . . . Reinforcement 4 | . 2 . . . . . 1 1 . . . Assault . | . . . . . . . . . . . . Garrison 6 | . . . . . . . . 6 . . . Intercept . | . . . . . . . . . . . . Searches Triggered . | . . . . . . . . . . . . Construction Impeded . | . . . . . . . . . . . . Haulers Reinforced 1 | . . . . . . . . 1 . . . Active Scanning Responses . | . . . . . . . . . . . . Cargo Convoy Interrupts . | . . . . . . . . . . . . Stealth | -11 -10 -10 -9 -9 -9 -8 -8 -7 -7 -6 -6 --------- Run | Yrd Mat Min Mat Min Exi Min Mat Fac Gar Fac Gar Distress Signals 1 | . . . . . . . . 1 . . . Communications Jammed . | . . . . . . . . . . . . Distress Signals . | . . . . . . . . . . . . Times Spotted 109 | . 27 4 4 . . 18 5 24 16 . 11 Peak Tracking Total 6 | . 5 3 2 . . 3 5 5 4 . 6 Tactical Retreats 5 | . 2 . . . . . . 1 1 . 1 Traps | -11 -10 -10 -9 -9 -9 -8 -8 -7 -7 -6 -6 ------- Run | Yrd Mat Min Mat Min Exi Min Mat Fac Gar Fac Gar Traps Triggered 9 | . 4 . . . . . . 3 1 . 1 Indirectly . | . . . . . . . . . . . . Trap Hack Attempts . | . . . . . . . . . . . . Triggered . | . . . . . . . . . . . . Disarmed . | . . . . . . . . . . . . Reprogrammed . | . . . . . . . . . . . . Reused 2 | . . . . . . . . . . . 2 Traps Reconfigurated 6 | . . . . . . . . . . . 6 Traps Extracted . | . . . . . . . . . . . . Installed 3 | . . . . . . . . . . . 3 Triggered 2 | . . . . . . . . . . . 2 Most Traps Carried 3 | . . . . . . . . . . . 3 Machines | -11 -10 -10 -9 -9 -9 -8 -8 -7 -7 -6 -6 ---------- Run | Yrd Mat Min Mat Min Exi Min Mat Fac Gar Fac Gar Machines Disabled 10 | . 1 5 . . . . . 2 1 . 1 Max in Single Turn 4 | . 1 4 . . . . . 1 1 . 1 Garrison Relay 2 | . . . . . . . . . 1 . 1 Machines Repaired . | . . . . . . . . . . . . Machines Dismantled . | . . . . . . . . . . . . Machines Sabotaged . | . . . . . . . . . . . . Overloaded Fab Kills . | . . . . . . . . . . . . Hacking | -11 -10 -10 -9 -9 -9 -8 -8 -7 -7 -6 -6 --------- Run | Yrd Mat Min Mat Min Exi Min Mat Fac Gar Fac Gar Machines Accessed 16 | . 3 . 2 . 1 . 2 4 . 2 2 Terminals 11 | . 3 . 2 . . . 2 2 . . 2 Fabricators . | . . . . . . . . . . . . Repair Stations . | . . . . . . . . . . . . Recycling Units 1 | . . . . . . . . . . 1 . Scanalyzers . | . . . . . . . . . . . . Garrison Access 3 | . . . . . . . . 2 . 1 . Total Hacks 45 | . 14 . 14 . 1 . 3 8 . 2 3 Successful 14 | . 6 . 4 . 1 . . 1 . 2 . Failed 31 | . 8 . 10 . . . 3 7 . . 3 Catastrophic 10 | . 2 . 2 . . . 1 3 . . 2 Database Lockouts . | . . . . . . . . . . . . Manual 28 | . 11 . 11 . 1 . 3 2 . . . Terminals 37 | . 14 . 14 . . . 3 3 . . 3 Fabricators . | . . . . . . . . . . . . Repair Stations . | . . . . . . . . . . . . Recycling Units 1 | . . . . . . . . . . 1 . Scanalyzers . | . . . . . . . . . . . . Garrison Access 6 | . . . . . . . . 5 . 1 . Terminal Hacks 10 | . 6 . 3 . 1 . . . . . . Robot Analysis 4 | . 4 . . . . . . . . . . Branch Access Points 2 | . 1 . 1 . . . . . . . . Terminal Index 1 | . . . 1 . . . . . . . . Zone Layout 2 | . 1 . 1 . . . . . . . . Proto ID Catalog 1 | . . . . . 1 . . . . . . Fabricator Hacks . | . . . . . . . . . . . . Repair Station Hacks . | . . . . . . . . . . . . Recycling Unit Hacks 1 | . . . . . . . . . . 1 . Retrieve Components 1 | . . . . . . . . . . 1 . Scanalyzer . | . . . . . . . . . . . . Garrison Access Hacks 2 | . . . . . . . . 1 . 1 . Unlock Access 2 | . . . . . . . . 1 . 1 . Unauthorized Hacks 1 | . . . 1 . . . . . . . . Terminals 1 | . . . 1 . . . . . . . . Track 1 | . . . 1 . . . . . . . . Fabricators . | . . . . . . . . . . . . Repair Stations . | . . . . . . . . . . . . Recycling Units . | . . . . . . . . . . . . Scanalyzers . | . . . . . . . . . . . . Garrison Access . | . . . . . . . . . . . . Data Cores Recovered 1 | . . . . . . . . 1 . . . Used . | . . . . . . . . . . . . Hacking Detections 12 | . 3 . 2 . . . 2 3 . . 2 Full Trace Events 1 | . . . . . . . . 1 . . . Feedback Events . | . . . . . . . . . . . . Feedback Blocked . | . . . . . . . . . . . . Robot Schematics Acquired . | . . . . . . . . . . . . Robots Built . | . . . . . . . . . . . . Authchips . | . . . . . . . . . . . . Time . | . . . . . . . . . . . . Total Robot Build Rating . | . . . . . . . . . . . . Part Schematics Acquired . | . . . . . . . . . . . . Parts Built . | . . . . . . . . . . . . Authchips . | . . . . . . . . . . . . Time . | . . . . . . . . . . . . Total Part Build Rating . | . . . . . . . . . . . . Parts Repaired . | . . . . . . . . . . . . Time . | . . . . . . . . . . . . Parts Recycled . | . . . . . . . . . . . . Recycled Matter . | . . . . . . . . . . . . Retrieved Matter . | . . . . . . . . . . . . Retrieved Components 2 | . . . . . . . . . . 2 . Parts Scanalyzed . | . . . . . . . . . . . . Part Schematics Acquired . | . . . . . . . . . . . . Parts Damaged . | . . . . . . . . . . . . Bothacking | -11 -10 -10 -9 -9 -9 -8 -8 -7 -7 -6 -6 ------------ Run | Yrd Mat Min Mat Min Exi Min Mat Fac Gar Fac Gar Used RIF Installer 1 | . . . . . . . . . 1 . . Robots Hacked . | . . . . . . . . . . . . Non-combat . | . . . . . . . . . . . . Combat . | . . . . . . . . . . . . Robot Hacks Applied . | . . . . . . . . . . . . Relay Couplers Released 7 | . . . . . . . . . 4 . 3 Machine Destruction 7 | . . . . . . . . . 4 . 3 Attached 2 | . . . . . . . . . . . 2 Fabnet Peak Effective % . | . . . . . . . . . . . . Robots Rewired . | . . . . . . . . . . . . Allies Hacked . | . . . . . . . . . . . . Hacks Repelled . | . . . . . . . . . . . . Allies | -11 -10 -10 -9 -9 -9 -8 -8 -7 -7 -6 -6 -------- Run | Yrd Mat Min Mat Min Exi Min Mat Fac Gar Fac Gar Total Allies 2 | . . 2 . . . . . . . . . Largest Group 2 | . . 2 2 2 1 . . . . . . Highest-Rated Group 45 | . . 45 45 45 31 . . . . . . Highest-Rated Ally 31 | . . 31 31 31 31 . . . . . . Total Orders . | . . . . . . . . . . . . Ally Attacks 19 | . . 16 3 . . . . . . . . Total Damage 293 | . . 231 62 . . . . . . . . Kills 9 | . . 7 2 . . . . . . . . Allies Corrupted . | . . . . . . . . . . . . Allies Melted . | . . . . . . . . . . . . Intel | -11 -10 -10 -9 -9 -9 -8 -8 -7 -7 -6 -6 ------- Run | Yrd Mat Min Mat Min Exi Min Mat Fac Gar Fac Gar Active Infowar (turns) 419 | . . 1 . . . . . 348 70 . . Sensors 1 | . . 1 . . . . . . . . . Traps 418 | . . . . . . . . 348 70 . . Robot Analysis Total 4 | . 4 . . . . . . . . . . Derelict Logs Recovered 2 | . . 2 . . . . . . . . . Drone Launches . | . . . . . . . . . . . . Drone Recoveries . | . . . . . . . . . . . . Exploration | -11 -10 -10 -9 -9 -9 -8 -8 -7 -7 -6 -6 ------------- Run | Yrd Mat Min Mat Min Exi Min Mat Fac Gar Fac Gar Turns Passed 7518 | 71 464 702 202 116 294 1072 498 1936 613 447 1103 Spaces Moved 4328 | 41 261 345 145 71 241 658 361 1272 290 279 364 Core 179 | 2 . . . . . . . . . . 177 Treads 23 | 21 2 . . . . . . . . . . Legs 4103 | 3 259 345 145 71 241 658 361 1272 290 279 179 Wheels 22 | 15 . . . . . . . . . . 7 Hover 1 | . . . . . . . . . . . 1 Flight . | . . . . . . . . . . . . Fastest Speed 50 | 50 120 120 120 120 120 120 120 120 120 120 120 Average Speed 141 | 126 120 184 120 120 120 121 120 122 128 142 275 Slowest Speed 500 | 160 190 190 120 120 120 190 120 192 190 190 500 Overloaded Moves . | . . . . . . . . . . . . Propulsion Burnouts . | . . . . . . . . . . . . Robots Hopped . | . . . . . . . . . . . . Potential Cave-ins . | . . . . . . . . . . . . Cave-ins Triggered . | . . . . . . . . . . . . Exploration Rate (%) 42 | 3 68 82 24 27 59 101 28 37 29 9 39 Regions Visited 11 Branch Regions 4 Pre-discovered Areas . | . . . . . . . . . . . . Known Exits Taken 5 | . 1 . 1 . . 1 . 1 . 1 . Unknown Exits Taken 5 | 1 . 1 . 1 1 . 1 . . . . Scrap Searched 2 | . . . . 1 . 1 . . . . . Spaces Dug 1 | . . . . . . . . . 1 . . Terrain Destroyed 116 | . 3 . . . . 2 7 61 1 . 42 Melee 1 | . . . . . . . . . 1 . . Projectile . | . . . . . . . . . . . . AOE 115 | . 3 . . . . 2 7 61 . . 42 Terrain Rammed . | . . . . . . . . . . . . Walls Destroyed . | . . . . . . . . . . . . Machines Disabled . | . . . . . . . . . . . . Actions | -11 -10 -10 -9 -9 -9 -8 -8 -7 -7 -6 -6 --------- Run | Yrd Mat Min Mat Min Exi Min Mat Fac Gar Fac Gar Total 5285 | 56 348 407 168 102 247 871 424 1508 391 327 436 Wait 481 | . 6 49 9 31 . 178 43 92 10 37 26 Move 4319 | 40 260 344 144 70 240 657 360 1272 289 279 364 Hop . | . . . . . . . . . . . . Pick Up 65 | 7 15 2 8 1 3 2 5 10 6 1 5 Fast Attach 48 | 5 8 3 . . . . 1 11 12 4 4 Attach 32 | 1 1 2 2 . . 1 2 8 7 1 7 Detach 7 | . . . . . . . . 1 1 2 3 Swap 37 | 3 5 . 2 . 1 2 4 15 3 1 1 Drop 63 | . 18 5 1 . 3 1 7 22 1 2 3 Fire 196 | . 35 2 2 . . 30 2 77 39 . 9 Melee 20 | . . . . . . . . . 10 . 10 Ram 7 | . . . . . . . . . 6 . 1 Kick 2 | . . . . . . . . . 2 . . Crush . | . . . . . . . . . . . . Escape Stasis 5 | . . . . . . . . . 5 . . Rewire . | . . . . . . . . . . . . Trap 3 | . . . . . . . . . . . 3 Miscellaneous . | . . . . . . . . . . . . Route ------- -11/Scrapyard -10/Materials (discovered 4 exits: *Mat x3 / *Min) -10/Mines (discovered 2 exits: *Mat / [*Sub]) -9/Materials (discovered 3 exits: Mat / *Min x2) -9/Mines -9/Exiles -8/Mines (discovered 2 exits: *Mat x2) -8/Materials -7/Factory (discovered 4 exits: *Fac / [*Sto] / [*Low] / Gar) -7/Garrison -6/Factory (discovered 2 exits: [*Fac] / Gar) -6/Garrison (discovered 1 exit: [*Fac]) History --------- Turn | Location | Event 2 | -11/Scrapyard | Met Revision 17 38 | -11/Scrapyard | Discovered new exit (range 14) 72 | -11/Scrapyard | Entered Materials 189 | -10/Materials | Discovered new exit (range 8) 274 | -10/Materials | Destroyed 8 combat bots 306 | -10/Materials | Build established: Mutant 388 | -10/Materials | Discovered new exit (range 5) 403 | -10/Materials | Identified exit to Mines 465 | -10/Materials | Discovered new exit (range 12) 536 | -10/Materials | Entered Mines 551 | -10/Mines | Joined a pair of Derelicts in attacking an 0b10 outpost 702 | -10/Mines | Learned 2 Materials zone layouts 704 | -10/Mines | Discovered new exit (range 5) 778 | -10/Mines | Learned Materials terminal intel 833 | -10/Mines | Discovered new exit (range 10) 897 | -10/Mines | Found a damaged Exp. Sensor Array with a note attached 903 | -10/Mines | Found Prototype Device 903 | -10/Mines | Identified Exp. Sensor Array 1064 | -10/Mines | Assembled infested the area 1238 | -10/Mines | Entered Materials 1238 | -9/Materials | Accompanied by 2 allies 1238 | -9/Materials | Evolved 2 slots: Propulsion x2 1239 | -9/Materials | Identified exit to Materials 1240 | -9/Materials | Loaded intel: 12 terminal locations 1243 | -9/Materials | Led the pair of lost Derelicts to an unsafe place 1299 | -9/Materials | Identified exit to Mines 1440 | -9/Materials | Entered Mines 1440 | -9/Mines | Accompanied by 2 allies 1512 | -9/Mines | Deemed a non-threat by the Exiles lab entrance 1512 | -9/Mines | Discovered new exit (range 5) 1531 | -9/Mines | Build established: Scavenger-Mutant 1556 | -9/Mines | Entered Exiles 1556 | -9/Exiles | Accompanied by 1 ally 1584 | -9/Exiles | Met 8R-AWN 1586 | -9/Exiles | Led the pair of lost Derelicts to a safe place 1620 | -9/Exiles | Met EX-HEX 1658 | -9/Exiles | Met EX-BIN 1672 | -9/Exiles | Aligned with FarCom system 1673 | -9/Exiles | Given EX-Vault access code 1700 | -9/Exiles | Opened EX-Vault 1712 | -9/Exiles | Found Trap Reconfigurator 1737 | -9/Exiles | Warned to stay clear of 0b10 Research branches 1751 | -9/Exiles | Exiles lab attacked by MAIN.C 1835 | -9/Exiles | Discovered new exit (range 14) 1850 | -9/Exiles | Left Exiles lab with Trap Reconfigurator 1850 | -9/Exiles | Entered Mines 2638 | -8/Mines | Discovered exit to Materials (range 15) 2691 | -8/Mines | Discovered exit to Materials (range 6) 2922 | -8/Mines | Entered Materials 2922 | -8/Materials | Evolved 2 slots: Propulsion x1, Utility x1 3329 | -8/Materials | Discovered new exit (range 16) 3391 | -8/Materials | Build established: Mutant 3420 | -8/Materials | Entered Factory 3420 | -7/Factory | Evolved 2 slots: Utility x2 3525 | -7/Factory | Discovered new exit (range 12) 4240 | -7/Factory | Discovered new exit (range 7) 4383 | -7/Factory | Discovered new exit (range 11) 4920 | -7/Factory | Garrison activated, responded to threat 5073 | -7/Factory | Garrison activated, responded to threat 5356 | -7/Factory | Identified exit to Garrison 5356 | -7/Factory | Entered Garrison 5363 | -7/Garrison | Lost 5 parts (2n2u1w) 5420 | -7/Garrison | Triggered checkpoint 5457 | -7/Garrison | Lost 3 parts (1n1u1w) 5541 | -7/Garrison | Core integrity fell below 50% 5643 | -7/Garrison | Lost 10 parts (1p5n3u1w) 5679 | -7/Garrison | Installed Relay Interface Framework 5698 | -7/Garrison | Triggered checkpoint 5762 | -7/Garrison | Discovered new exit (range 12) 5812 | -7/Garrison | Triggered checkpoint 5881 | -7/Garrison | Core integrity fell below 20% 5910 | -7/Garrison | Garrison Relay disabled 5969 | -7/Garrison | Entered Factory 5969 | -6/Factory | Evolved 2 slots: Propulsion x1, Utility x1 6212 | -6/Factory | Build established: Bothacker-Mutant 6368 | -6/Factory | Discovered new exit (range 16) 6416 | -6/Factory | Identified exit to Garrison 6416 | -6/Factory | Entered Garrison 6542 | -6/Garrison | Triggered checkpoint 6581 | -6/Garrison | Garrison Relay disabled 6692 | -6/Garrison | Triggered checkpoint 6704 | -6/Garrison | Triggered checkpoint 6748 | -6/Garrison | Core integrity fell below 50% 6757 | -6/Garrison | Core integrity fell below 20% 6787 | -6/Garrison | Lost 11 parts (1p4n3u3w) 6833 | -6/Garrison | Discovered new exit (range 10) 7053 | -6/Garrison | Build established: Mutant 7404 | -6/Garrison | Triggered checkpoint 7519 | -6/Garrison | Destroyed by G-50 Soldier with Heavy Laser Last Messages --------------- 07220_ WFB8,WHLFCEHC QM,MS/TB%5WI0X%0 07224_ Triggered Fusion Bomb Trap. 07224_ An explosion rips through the floor. 07224_ Storage Shell breached. 07239_ Acquired Gamma Bomb Trap. 07257_ The unstable cave ceiling collapses. 07285_ JHOX/N|D1SLFE 07299_ The unstable cave ceiling collapses. 07304_ System corrupted: Matter fused (-5). 07397_ J3JWTGYUXTW4EJZDY=4K6&5:/%